Map: Thunderbird LE

Players

Namshar

  • Race: Zerg Zerg
  • Spawn Location: 5:00

Zanster - Winner!

  • Race: Zerg Zerg
  • Spawn Location: 11:00

Event: 2019 WCS Summer

VOD

Have the link to the VOD?

Description

Time

  • Played on: July 12, 2019, 10:48 a.m.
  • Length: 12:02

All games in this series

Show
View Real Time Build Order
Export as new Build Order

Namshar Zerg 

Build Orders: Hatch First, Lurkers, Roach Hydra 

Get SALT Encoding   

  12  0:00  Drone  
  13  0:12  Overlord  
  13  0:16  Drone  
  14  0:30  Drone x2  
  16  0:47  Hatchery  
  15  0:50  Drone  
  15  0:53  Drone  
  17  1:08  Spawning Pool  
  17  1:10  Extractor  
  15  1:13  Drone  
  15  1:16  Drone  
  17  1:19  Drone  
  18  1:28  Drone  
  19  1:41  Drone  
  20  1:49  Overlord  
  20  1:54  Queen  
  20  1:59  Queen  
  20  2:00  Zergling x2, Drone  
  26  2:11  Metabolic Boost  
  26  2:12  Drone  
  26  2:13  Drone  
  28  2:21  Drone x2  
  30  2:32  Drone  
  30  2:36  Drone  
  32  2:39  Hatchery  
  32  2:43  Drone  
  32  2:47  Overlord  
  32  2:51  Baneling Nest  
  32  2:54  Drone  
  32  2:59  Drone  
  33  3:08  Zergling x12  
  33  3:10  Zergling x2  
  40  3:17  Zergling x2  
  40  3:19  Overlord  
  41  3:22  Overlord  
  41  3:30  Drone  
  42  3:35  Baneling x2  
  42  3:38  Drone x3  
  45  3:42  Evolution Chamber  
  45  3:43  Drone x4  
  45  3:45  Baneling  
  48  3:48  Drone  
  47  3:58  Drone  
  47  3:59  Drone x2  
  48  4:08  Zergling x4  
  47  4:13  Zergling x6  
  47  4:14  Queen  
  47  4:15  Zerg Missile Weapons Level 1  
  50  4:17  Extractor  
  50  4:18  Extractor  
  50  4:22  Roach Warren  
  50  4:23  Drone  
  50  4:24  Drone x3  
  50  4:26  Drone  
  50  4:28  Baneling  
  50  4:29  Baneling  
  52  4:34  Zergling x2  
  52  4:35  Drone x4  
  57  4:40  Drone  
  58  4:46  Zergling x4  
  58  4:47  Overlord  
  58  4:48  Drone x2  
  58  4:51  Drone  
  63  4:53  Overlord  
  63  4:57  Drone x3  
  65  5:01  Lair  
  65  5:08  Drone x3  
  65  5:11  Pneumatized Carapace  
  68  5:21  Drone x2  
  69  5:22  Drone x7  
  69  5:24  Extractor  
  69  5:25  Extractor  
  75  5:32  Overlord x3  
  75  5:35  Extractor  
  74  5:45  Drone  
  74  5:46  Drone  
  75  5:51  Baneling x2  
  75  5:53  Drone x2  
  75  5:54  Drone  
  75  5:56  Drone x3, Overlord  
  81  5:58  Overseer  
  81  6:00  Glial Reconstitution  
  81  6:02  Drone  
  81  6:03  Queen  
  84  6:04  Evolution Chamber  
  84  6:05  Hatchery  
  81  6:11  Hydralisk Den  
  81  6:15  Zerg Missile Weapons Level 2  
  81  6:17  Roach  
  81  6:18  Roach x6  
  94  6:19  Overlord  
  94  6:20  Overlord  
  94  6:23  Roach  
  96  6:31  Roach x2  
  100  6:37  Zerg Ground Armor Level 1  
  100  6:38  Overlord x2  
  101  6:40  Drone  
  101  6:41  Drone x2  
  101  6:47  Grooved Spines  
  103  6:52  Drone  
  103  6:53  Overlord  
  104  6:58  Burrow  
  104  7:00  Roach  
  104  7:01  Roach x7  
  120  7:03  Spore Crawler  
  120  7:05  Spore Crawler  
  118  7:17  Hydralisk x6  
  118  7:18  Tunneling Claws  
  118  7:19  Spore Crawler  
  129  7:24  Hydralisk x2  
  133  7:33  Roach x6  
  133  7:34  Ravager  
  146  7:39  Roach x3  
  146  7:44  Overlord x2  
  152  7:46  Roach x2  
  156  7:54  Roach x3  
  156  7:58  Muscular Augments  
  155  8:01  Roach x4  
  155  8:05  Roach x5  
  157  8:06  Roach  
  157  8:10  Roach x3  
  136  8:13  Roach x2  
  136  8:17  Roach x2  
  132  8:21  Roach  
  132  8:22  Roach x2  
  132  8:23  Queen  
  132  8:25  Ravager  
  143  8:27  Roach  
  143  8:30  Roach x2  
  147  8:34  Ravager  
  147  8:36  Roach  
  147  8:37  Roach x2  
  147  8:40  Roach  
  147  8:41  Roach  
  158  8:45  Roach  
  158  8:49  Roach x3  
  164  8:59  Hydralisk x2  
  164  9:00  Roach  
  164  9:02  Roach x3  
  170  9:11  Infestation Pit, Lurker Den, Drone  
  170  9:12  Drone, Overlord x4  
  170  9:14  Extractor  
  170  9:15  Hydralisk, Extractor  
  170  9:19  Ravager  
  170  9:23  Roach  
  170  9:24  Roach  
  175  9:31  Roach  
  175  9:32  Roach x8  
  175  9:38  Roach x3  
  191  9:49  Hive  
  191  9:50  Hydralisk x2, Roach  
  191  9:51  Roach  
  197  10:01  Hydralisk  
  199  10:08  Roach x3  
  197  10:14  Roach x10  
  197  10:23  Hatchery  
  196  10:31  Hydralisk x4  
  196  10:32  Roach x2  
  200  10:37  Roach x5  
  194  10:45  Hydralisk x2  
  194  10:46  Roach x4  
  194  10:48  Roach x9  
  198  11:02  Lurker x2  
  200  11:07  Overseer  
  200  11:14  Lurker x3  
  199  11:20  Drone  
  199  11:21  Spine Crawler x2  
  199  11:23  Lurker  
  199  11:32  Spine Crawler  
  196  11:34  Overseer x2, Spine Crawler  
  196  11:39  Roach x11  
Show
View Real Time Build Order
Export as new Build Order

Zanster Zerg - Winner!

Build Orders: Hatch First, Lurkers 

Get SALT Encoding   

  12  0:00  Drone  
  13  0:13  Overlord  
  13  0:17  Drone  
  14  0:31  Drone x2  
  16  0:48  Hatchery  
  15  0:51  Drone  
  15  0:55  Drone  
  17  0:58  Drone  
  18  1:09  Extractor  
  17  1:13  Spawning Pool  
  17  1:16  Drone  
  17  1:20  Drone  
  18  1:29  Drone  
  19  1:39  Drone  
  20  1:50  Drone  
  21  2:00  Queen x2  
  25  2:02  Overlord  
  25  2:04  Drone  
  26  2:10  Metabolic Boost  
  26  2:12  Drone x2  
  28  2:23  Zergling x2, Drone  
  30  2:34  Hatchery  
  30  2:36  Drone  
  30  2:42  Drone  
  31  2:47  Baneling Nest  
  31  2:50  Drone x2  
  32  2:54  Drone  
  32  2:55  Overlord  
  33  3:06  Drone  
  33  3:08  Zergling x2  
  33  3:10  Zergling x2  
  33  3:12  Queen  
  36  3:13  Drone x2  
  36  3:14  Drone  
  36  3:17  Drone  
  42  3:21  Overlord  
  42  3:23  Drone  
  42  3:26  Drone  
  44  3:32  Baneling x2  
  44  3:33  Baneling  
  44  3:38  Baneling  
  44  3:39  Zergling x4  
  44  3:41  Zergling x2  
  47  3:42  Zergling x2  
  47  3:43  Zergling x6  
  47  3:44  Overlord  
  47  3:48  Drone  
  52  3:54  Baneling x2  
  51  3:57  Queen  
  53  4:03  Drone x5  
  53  4:07  Drone  
  57  4:15  Drone x3  
  59  4:17  Drone  
  59  4:18  Drone x3  
  59  4:19  Extractor  
  59  4:22  Baneling  
  62  4:26  Overlord  
  62  4:28  Drone  
  62  4:30  Drone  
  64  4:33  Lair  
  64  4:39  Drone  
  64  4:40  Drone  
  64  4:41  Evolution Chamber  
  64  4:42  Drone, Roach Warren  
  65  4:46  Drone  
  65  4:47  Drone x3  
  65  4:49  Drone  
  65  4:50  Extractor  
  65  4:52  Drone x3, Extractor  
  71  4:53  Drone  
  71  4:58  Drone  
  72  5:01  Drone  
  72  5:03  Overlord x2  
  73  5:07  Extractor  
  73  5:08  Extractor  
  73  5:09  Zerg Missile Weapons Level 1  
  73  5:10  Drone x2  
  73  5:19  Overlord  
  73  5:23  Drone x7  
  73  5:24  Drone x2  
  82  5:32  Spire  
  82  5:33  Drone  
  82  5:35  Drone  
  82  5:40  Overlord  
  82  5:47  Overlord  
  82  5:49  Hatchery  
  80  5:52  Roach x3  
  80  5:53  Roach  
  80  5:54  Overlord  
  88  5:58  Roach  
  88  5:59  Zergling x8, Roach  
  96  6:11  Overlord  
  96  6:12  Overlord  
  96  6:15  Glial Reconstitution  
  96  6:17  Roach x8  
  112  6:22  Overlord  
  112  6:30  Roach x5  
  122  6:35  Overlord  
  122  6:41  Roach  
  122  6:42  Roach x3  
  122  6:43  Overseer  
  122  6:44  Overlord  
  130  6:51  Overlord  
  130  6:52  Roach x2  
  134  6:58  Overlord  
  134  7:08  Roach  
  134  7:09  Roach x5  
  134  7:11  Roach  
  134  7:14  Roach x2  
  134  7:15  Extractor, Roach  
  153  7:17  Roach x5  
  153  7:18  Roach  
  153  7:20  Ravager x6  
  153  7:21  Ravager x2  
  153  7:22  Extractor, Roach x2  
  176  7:23  Overlord  
  176  7:27  Roach x3  
  182  7:34  Overlord x2  
  182  7:36  Zerg Missile Weapons Level 2  
  182  7:43  Roach x3  
  166  8:08  Roach x13  
  167  8:19  Drone x3  
  157  8:20  Drone x7  
  157  8:26  Roach x2  
  161  8:27  Hydralisk Den  
  161  8:28  Ravager x3  
  161  8:29  Ravager x2  
  161  8:32  Roach  
  167  8:41  Overlord x2  
  167  8:43  Pneumatized Carapace  
  167  8:44  Overseer  
  167  8:48  Overseer x2  
  167  8:52  Roach x6  
  179  8:57  Roach x3  
  179  9:00  Muscular Augments, Lurker Den  
  184  9:19  Overseer x2  
  182  9:25  Drone x3, Nydus Network  
  182  9:27  Hydralisk x8  
  197  9:33  Overseer  
  197  9:37  Ravager  
  197  9:38  Ravager  
  192  9:55  Zerg Ground Armor Level 1  
  191  10:01  Drone x2  
  191  10:03  Drone x3  
  179  10:43  Hydralisk x11  
  191  10:54  Lurker x3  
  191  10:55  Lurker x4  
  191  10:56  Hydralisk  
  199  11:12  Nydus Canal  
  199  11:16  Infestation Pit  
Tags
 
Add a new tag
Caveats
  • Supply blocks, unpowered buildings, or Contaminate may cause inaccurate times.
  • Supply counts are checked every 10 seconds.